 Dungeon Crawl Stone Soup version 0.30.0-18-gc0e69614cb (webtiles) character file.

Game seed: 3281926464218570957

377 sampeng1 the Trooper (level 6, -2/84 HPs)
             Began as a Minotaur Berserker on May 25, 2023.
             Was a Priest of Trog.
             Slain by Pikel
             ... wielding a +0 whip of flaming
              (7 damage)
             ... on level 4 of the Dungeon.
             The game lasted 00:07:48 (2661 turns).

sampeng1 the Trooper (Minotaur Berserker)           Turns: 2661, Time: 00:07:49

Health: -2/84      AC: 11    Str: 23    XL:     6   Next: 45%
Magic:  0/5        EV:  9    Int:  4    God:    Trog [***...]
Gold:   107        SH:  0    Dex: 10    Spells: 5/5 levels left

rFire   + . .        l - +2 battleaxe
rCold   x . .        (shield currently unavailable)
rNeg    . . .        i - +0 chain mail
rPois   .            (helmet restricted)
rElec   .            (no cloak)
rCorr   .            (no gloves)
SInv    .            p - +1 pair of boots
Will    .....        f - amulet of guardian spirit Stlth
                     o - ring of fire
HPRegen 0.34/turn    (no ring)
MPRegen 0.09/turn

%: guardian spirit
@: berserking, very quick
A: horns 2, retaliatory headbutt
a: Renounce Religion, Berserk, Trog's Hand


You were on level 4 of the Dungeon.
You worshipped Trog.
Trog was most pleased with you.
You visited 1 branch of the dungeon, and saw 4 of its levels.

You collected 107 gold pieces.

Inventory:

Hand Weapons
 l - a +2 battleaxe (weapon)
 q - a +0 war axe
Missiles
 d - 2 poisoned darts (quivered)
 n - 4 boomerangs
Armour
 b - a +0 animal skin
 i - a +0 chain mail (worn)
 p - a +1 pair of boots (worn)
Jewellery
 f - an amulet of guardian spirit (around neck)
 o - a ring of fire (left hand)
Scrolls
 c - a scroll of identify
 g - a scroll of fear
 k - a scroll of brand weapon {unknown}
 m - a scroll of vulnerability {unknown}
Potions
 e - a potion of ambrosia
 h - a potion of brilliance {unknown}
 j - a potion of magic


   Skills:
 + Level 5.4 Fighting
 + Level 5.3 Axes
 + Level 4.6 Armour
 + Level 4.1 Dodging


You had 5 spell levels left.
You didn't know any spells.
Your spell library was empty.

Dungeon Overview and Level Annotations

Branches:
Dungeon (4/15)
 Temple: D:4-7

Altars:

Annotations:
D:4 Pikel


Innate Abilities, Weirdness & Mutations

You have a pair of horns on your head.
You reflexively headbutt those who attack you in melee.


Message History

Pikel closely misses you. The lemure barely misses you. The lemure hits you!
Pikel zaps a wand.
You shrug off the repeated paralysis!
The lemure barely misses you. You furiously retaliate!
You headbutt the lemure.
The lemure hits you but does no damage. x2
You hit Pikel. You headbutt Pikel.
Pikel is lightly wounded.
You closely miss the lemure. You completely miss the lemure.
You closely miss the lemure. You barely miss the lemure.
Pikel hits you with a +0 whip of flaming.
The lemure barely misses you. The lemure closely misses you.
You furiously retaliate!
You headbutt the lemure. The lemure hits you.
The lemure hits you but does no damage.
You hit Pikel but do no damage.
Pikel is lightly wounded.
You closely miss the lemure. You miss the lemure. You closely miss the lemure.
You miss the lemure.
Pikel zaps a wand.
You suddenly lose the ability to move!
The lemure hits you! The lemure completely misses you.
The lemure hits you but does no damage. The lemure hits you.
Pikel hits you with a +0 whip of flaming!
The lemure hits you but does no damage. The lemure hits you.
* * * LOW HITPOINT WARNING * * *
The lemure hits you but does no damage. x2
Pikel barely misses you.
The lemure hits you but does no damage. x2
The lemure hits you.
* * * LOW HITPOINT WARNING * * *
The lemure hits you but does no damage. Pikel hits you but does no damage.
The lemure hits you but does no damage. The lemure barely misses you.
The lemure hits you.
* * * LOW HITPOINT WARNING * * *
The lemure hits you.
* * * LOW HITPOINT WARNING * * *
You can move again.
As you read the scroll of fear, it crumbles to dust.
You assume a fearsome visage.
Pikel resists with some effort.
The lemure looks frightened! x4; Pikel zaps a wand.
You shrug off the repeated paralysis!
A red film seems to cover your vision as you go berserk!
You feel yourself moving faster!
You feel mighty!
Pikel hits you with a +0 whip of flaming!
You die...

..#.# #... #.
#.# #.. ..#
#.## ..##...##
#.#<....#
#5.5.....
#####........
###..5.@K......
+##
#...####......#
..# #.#.#
.5...## #.#
####'####
....## #.#
#.......# ....#
#.# #.⌠...⌠.#
...##
#.#####.......#
..##
......'...⌠...+
.##
#.###.#.......#


You could see Pikel and 4 lemures.

Vanquished Creatures
  A scorpion (D:4)
  2 hounds (D:4)
  A jelly (D:4)
  A sleepcap (D:4)
  2 orc wizards (D:4)
  A gnoll (D:1)
  6 adders
  An ufetubus (D:4)
  A worm (D:2)
  2 dart slugs
  7 orcs (D:4)
  4 bats
  2 endoplasms (D:2)
  5 giant cockroaches
  3 goblins
  5 hobgoblins
  9 jackals
  5 quokkas
  5 ball pythons
  3 frilled lizards
  6 kobolds
  4 rats
76 creatures vanquished.

Notes
Turn   | Place    | Note
-------+----------+-------------------------------------------
     0 | D:1      | sampeng1 the Minotaur Berserker began the quest for the
                  | Orb.
     0 | D:1      | Reached XP level 1. HP: 19/19 MP: 0/0
    81 | D:1      | Reached XP level 2. HP: 26/27 MP: 1/1
   310 | D:1      | Reached XP level 3. HP: 33/33 MP: 2/2
   908 | D:2      | Reached ** piety under Trog
   954 | D:2      | You fall into a shaft and drop 1 floor!
  1025 | D:3      | Reached XP level 4. HP: 33/40 MP: 1/3
  1269 | D:2      | Found a faded altar of an unknown god.
  2196 | D:4      | Noticed a scorpion
  2204 | D:4      | Killed a scorpion
  2205 | D:4      | Reached XP level 5. HP: 33/47 MP: 4/4
  2292 | D:4      | Reached skill level 5 in Fighting
  2292 | D:4      | Reached skill level 5 in Axes
  2296 | D:4      | Reached *** piety under Trog
  2318 | D:4      | Reached XP level 6. HP: 56/56 MP: 5/5
  2645 | D:4      | Noticed Pikel
  2650 | D:4      | Paralysed by Pikel for 3 turns
  2656 | D:4      | Paralysed by Pikel for 4 turns
  2661 | D:4      | Slain by Pikel

Illustrated notes

Levels and vault maps discovered:
D:1:      lemuel_arrival_hallway, layout_basic, serial_glass, glass_columns_b,
          glass_columns_c, grunt_decor_junction
D:2:      layout_loops_cross, shapermc_ecumenical_altar_gd
D:3:      layout_basic
D:4:      layout_loops_ring, minmay_fountain_box, dreamdust_mushroom_princess,
          kennysheep_generic_room_8, uniq_pikel, uniq_crazy_yiuf_cottage

Skill      XL: |  1  2  3  4  5  6 |
---------------+-------------------+-----
Fighting       | 4 5 |  5.4
Axes           | 4 5 |  5.3
Armour         | 3 4 |  4.6
Dodging        | 3 4 |  4.1

Action                     |  1- 3 |  4- 6 || total
---------------------------+-------+-------++-------
  Melee: Hand axe          |    54 |       ||    54
         Headbutt          |     6 |    15 ||    21
         Battleaxe         |     8 |    81 ||    89
 Invoke: Berserk           |       |     1 ||     1
    Use: Scroll            |       |     9 ||     9
 Armour: Animal skin       |    10 |       ||    10
         Chain mail        |     7 |    72 ||    79
  Dodge: Dodged            |    47 |    55 ||   102
